 Dungeon Crawl Stone Soup version 0.29-a0-824-gd827844252 (webtiles) character file.

Game seed: 9312556059028242550

2079 coolguy69 the Covert (level 9, -2/42 (46) HPs)
             Began as a Vine Stalker Monk on July 10, 2022.
             Was a Priest of Okawaru.
             Slain by a yak (5 damage)
             ... on level 8 of the Dungeon.
             The game lasted 00:08:07 (6500 turns).

coolguy69 the Covert (Vine Stalker Monk)            Turns: 6500, Time: 00:08:07

HP:   -2/42 (46)    AC:  7    Str: 21    XL:     9   Next: 26%
MP:   0/21          EV: 14    Int: 10    God:    Okawaru [***...]
Gold: 345           SH:  0    Dex: 17    Spells: 8/8 levels left

rFire   + + .      SeeInvis .   s - +2 dagger (venom)
rCold   . . .      Faith    .   (no shield)
rNeg    . . .      Spirit   +   w - +0 leather armour
rPois   .          Reflect  .   (no helmet)
rElec   .          Harm     .   h - +1 cloak {rCorr}
rCorr   +          Rampage  .   (no gloves)
Will    +....                   d - +1 pair of boots of Delightful Creativity {Fly rF+ Str+3 Stlth+}
Stlth   +++++.....              (no amulet)
HPRegen 0.94/turn               n - ring of magical power
MPRegen 0.17/turn               r - ring of protection from fire

@: flying, hasted, drained, very quick
A: fangs 3, regeneration 1, magic shield, antimagic bite, no potion heal 2
a: Renounce Religion, Heroism


You were on level 8 of the Dungeon.
You worshipped Okawaru.
Okawaru was most pleased with you.
You visited 2 branches of the dungeon, and saw 9 of its levels.

You collected 345 gold pieces.

Inventory:

Hand Weapons
 s - a +2 dagger of venom (weapon)
Armour
 d - the +1 pair of boots of Delightful Creativity (worn) {Fly rF+ Str+3 Stlth+}
   (You acquired it on level 7 of the Dungeon)

   Str:       It affects your strength (+3).
   rF:        It protects you from fire.
   Fly:       It grants you flight.
   Stlth:     It makes you more stealthy.
 h - a +1 cloak of preservation (worn)
 w - a +0 leather armour (worn)
Jewellery
 n - a ring of magical power (left hand)
 r - a ring of protection from fire (right hand)
 u - a ring of willpower
Wands
 b - a wand of flame (16)
Scrolls
 a - a scroll of brand weapon
 g - 2 scrolls of fear
 k - a scroll of vulnerability
 m - 2 scrolls of poison
 q - 3 scrolls of teleportation
Potions
 c - 2 potions of ambrosia
 e - 7 potions of curing
 f - 4 potions of haste
 j - 3 potions of heal wounds {unknown}
 l - a potion of lignification
 o - a potion of brilliance
 p - a potion of resistance


   Skills:
 + Level 4.3 Fighting
 + Level 6.0 Short Blades
 + Level 3.5 Armour
 + Level 4.3 Dodging
 + Level 8.9 Stealth
 * Level 2.8 Invocations


You had 8 spell levels left.
You didn't know any spells.
Your spell library contained the following spells:

 Spells                   Type           Power      Damage    Failure   Level
 Apportation              Tloc           0%         N/A       41%         1
 Necrotise                Necr           0%         1d4       41%         1
 Sting                    Tmut/Pois      0%         1d3       41%         1
 Poisonous Vapours        Pois/Air       0%         N/A       54%         2
 Conjure Flame            Conj/Fire      0%         6-21      78%         3
 Ignite Poison            Fire/Tmut/Pois 0%         N/A       78%         3
 Fulminant Prism          Conj/Hex       0%         3d6       99%         4
 Iskenderun's Mystic Bla  Conj/Tloc      0%         2d3       99%         4
 Olgreb's Toxic Radiance  Pois           0%         N/A       99%         4
 Sticky Flame             Conj/Fire      0%         2d3       99%         4
 Lee's Rapid Deconstruct  Erth           0%         3d5*      100%        5
 Summon Small Mammal      Summ           Unusable   N/A       N/A         1

Dungeon Overview and Level Annotations

Branches:
Dungeon (8/15)             Temple (1/1) D:6
   Lair: D:8-11

Altars:
Cheibriados
Dithmenos
Hepliaklqana
Kikubaaqudgha
Makhleb
Okawaru
Qazlal
Ru
Sif Muna
Trog
Uskayaw
Vehumet
Wu Jian
Xom
Yredelemnul
Zin

Shops:
D:3 [


Innate Abilities, Weirdness & Mutations

You have razor-sharp teeth.
Your natural rate of healing is unusually fast.
When hurt, damage is shared between your health and your magic reserves.
Your bite disrupts and absorbs the magic of your enemies.
Potions cannot restore your health.


Message History

The wight is lightly damaged.
You barely miss the wight. You bite the wight. You drain its power.
You feel invigorated.
The wight is moderately damaged.
The wight closely misses you.
You closely miss the wight. You bite the wight. You drain its power.
You feel invigorated.
The wight is heavily damaged.
You hit the wight but do no damage.
The wight is heavily damaged.
The wight hits you with a +3 scimitar!
* * * LOW HITPOINT WARNING * * *
You feel drained.
You hit the wight but do no damage. Your bite misses the wight.
The wight is heavily damaged.
You barely miss the wight. You bite the wight. You drain its power.
You feel invigorated.
The wight is almost destroyed.
The wight hits you with a +3 scimitar!
* * * LOW HITPOINT WARNING * * *
You feel drained.
* * * LOW HITPOINT WARNING * * *
You hit the wight.
You destroy the wight!
Okawaru accepts your kill.
Your Short Blades skill increases to level 6!
Unknown command.
You hit the yak but do no damage.
The yak is poisoned.
You hit the yak.
The yak looks as sick as possible!
You bite the yak, but do no damage.
The yak is lightly wounded.
The yak gores you!
* * * LOW HITPOINT WARNING * * *
You hit the yak.
The yak is lightly wounded.
Unknown command.
You barely miss the yak. You bite the yak, but do no damage.
The yak is lightly wounded.
The yak gores you!
You die...

# . .# #.# .## #...##
...# ....# #..######
#..#...#....## #.#
##.....## #@#
.......#
.###.#Y####.....#
#.........<##zY.#
............#.###.#.
......#.....).......#
#####...####...#$####
##### ......#
.####### #.


You could see a yak (extremely poisoned).

Vanquished Creatures
  A water moccasin (D:6)
  An orc warrior (D:7)
  A sky beast (D:6)
  An ice beast (D:7)
  A wolf (D:8)
  2 centaurs
  A kobold brigand (D:7)
  Blork the orc (D:4)
  3 necrophages
  3 scorpions
  5 wights (D:8)
  A howler monkey (D:7)
  2 hounds
  3 jellies
  Crazy Yiuf (D:5)
  2 orc priests (D:7)
  2 iguanas
  2 orc wizards (D:7)
  2 adders
  A shadow imp (D:6)
  3 white imps (D:6)
  3 ufetubi
  3 worms
  4 dart slugs
  8 orcs
  6 endoplasms
  9 giant cockroaches
  9 goblins
  3 hobgoblins
  4 quokkas
  6 ball pythons
  7 bats
  3 frilled lizards
  7 kobolds
  7 rats
118 creatures vanquished.

Vanquished Creatures (collateral kills)
  Grinder (D:5)
1 creature vanquished.

Grand Total: 119 creatures vanquished

Notes
Turn   | Place    | Note
-------+----------+-------------------------------------------
     0 | D:1      | coolguy69 the Vine Stalker Monk began the quest for the
                  | Orb.
     0 | D:1      | Reached XP level 1. HP: 11/11 MP: 2/2
     3 | D:1      | Noticed an electric eel
     4 | D:1      | Noticed an electric eel
    93 | D:1      | Found a faded altar of an unknown god.
   336 | D:1      | Reached XP level 2. HP: 16/16 MP: 3/3
  1056 | D:2      | Reached XP level 3. HP: 20/20 MP: 4/4
  1987 | D:2      | Reached skill level 3 in Stealth
  2427 | D:2      | Gained mutation: Your natural rate of healing is unusually
                  | fast. [Vine Stalker growth]
  2427 | D:2      | Reached XP level 4. HP: 24/24 MP: 5/5
  2995 | D:3      | Found Tagriofu's Antique Armour Shoppe.
  3255 | D:4      | Found a shimmering altar of Xom.
  3283 | D:4      | Reached XP level 5. HP: 19/28 MP: 4/6
  3327 | D:4      | Reached skill level 4 in Stealth
  3584 | D:4      | Noticed Blork the orc
  3600 | D:4      | Killed Blork the orc
  3601 | D:4      | Reached skill level 5 in Stealth
  3601 | D:4      | Reached XP level 6. HP: 10/32 MP: 7/7
  3871 | D:4      | Found an ornate altar of the Wu Jian Council.
  4024 | D:5      | Entered Level 5 of the Dungeon
  4030 | D:5      | Noticed Grinder
  4038 | D:5      | Paralysed by Grinder for 3 turns
  4205 | D:5      | Killed Grinder
  4206 | D:5      | Reached skill level 1 in Armour
  4206 | D:5      | Reached skill level 6 in Stealth
  4206 | D:5      | Reached XP level 7. HP: 32/36 MP: 8/8
  4301 | D:5      | Found a runed translucent door.
  4302 | D:5      | Noticed Crazy Yiuf
  4779 | D:5      | Killed Crazy Yiuf
  4874 | D:6      | Found a staircase to the Ecumenical Temple.
  4890 | D:6      | Reached skill level 5 in Short Blades
  4890 | D:6      | Reached skill level 7 in Stealth
  4905 | Temple   | Entered the Ecumenical Temple
  4915 | Temple   | Became a worshipper of Warmaster Okawaru
  4915 | Temple   | Reached * piety under Okawaru
  4915 | Temple   | Reached ** piety under Okawaru
  4960 | D:6      | Gained mutation: You have razor-sharp teeth. [Vine Stalker
                  | growth]
  4960 | D:6      | Reached XP level 8. HP: 37/42 MP: 9/9
  5051 | D:6      | Found an ancient bone altar of Kikubaaqudgha.
  5482 | D:6      | Reached skill level 8 in Stealth
  5734 | D:7      | Reached skill level 1 in Invocations
  5845 | D:7      | Identified a scroll of acquirement
  5847 | D:7      | Acquired the +1 pair of boots of Delightful Creativity {Fly
                  | rF+ Str+3 Stlth+}
  5941 | D:7      | Reached *** piety under Okawaru
  6233 | D:7      | Found a radiant altar of Vehumet.
  6306 | D:7      | Reached XP level 9. HP: 45/45 MP: 11/11
  6498 | D:8      | HP: 2/42 [yak (4)]
  6500 | D:8      | Slain by a yak

Illustrated notes

Levels and vault maps discovered:
D:1:      arrival_aquarium_b, layout_loops_ring,
          shapermc_ecumenical_altar_mp_ritualfount, minmay_fountain_box,
          nrook_mini_vaults
D:2:      layout_loops_corners
D:3:      layout_basic, serial_shops, shop
D:4:      layout_rooms, nicolae_wu_jian_wuxing_cycle, lemuel_crystal_altar,
          uniq_blork_the_orc
D:5:      layout_layer_cave, uniq_crazy_yiuf_cottage, uniq_grinder
D:6:      layout_loops_ring, old_standard_altar, minmay_temple_entry_ruins,
          kennysheep_generic_room_14
D:7:      layout_gridville, mainiacjoe_overflow_alcove_4
D:8:      layout_loops_ring, mainiacjoe_overflow_six_doors_small, serial_ice,
          serial_ice_e, serial_ice_o, serial_ice_m, serial_ice_a, serial_ice_j,
          serial_ice_c, serial_ice_h, serial_ice_n, serial_ice_f, serial_ice_b
Temple:   nicolae_temple_no_exploring_needed

Skill      XL: |  1  2  3  4  5  6  7  8  9 |
---------------+----------------------------+-----
Short Blades   | 3 4 5 6 |  6.0
Fighting       | 3 4 |  4.3
Stealth        | 3 5 6 7 8 |  8.9
Dodging        | 3 4 |  4.3
Armour         | 1 2 3 |  3.5
Invocations    | 2 |  2.8

Action                   |  1- 3 |  4- 6 |  7- 9 || total
-------------------------+-------+-------+-------++-------
Melee: Short sword       |   132 |    29 |       ||   161
       Bite              |    27 |    34 |    69 ||   130
       Dagger            |       |    72 |   199 ||   271
       Punch             |       |       |     4 ||     4
Invok: Heroism           |       |       |     1 ||     1
  Use: Scroll            |       |    10 |    10 ||    20
       Potion            |       |       |     3 ||     3
 Stab: Sleeping          |     8 |    11 |     9 ||    28
       Distracted        |       |     1 |       ||     1
Armor: Robe              |    13 |     9 |       ||    22
       Leather armour    |       |     6 |    29 ||    35
Dodge: Dodged            |    87 |    39 |    90 ||   216

Table legend: (Time is in decaauts)
 A = Elapsed time spent in this place.
 B = Non-inter-level travel time spent in this place.
 C = Inter-level travel time spent in this place.
 D = Time resting spent in this place.
 E = Time spent auto-exploring this place.
 F = Levels seen in this place.
 G = Mean time per level.
                   A        B        C        D        E       F      G
               +--------+--------+--------+--------+--------+-----+--------+
         Total |   6412 |   6182 |    230 |    289 |   4886 |   9 |  712.4 |
       Dungeon |   6395 |   6171 |    224 |    289 |   4886 |   8 |  799.4 |
        Temple |     16 |     10 |      6 |      0 |      0 |   1 |   16.0 |
               +--------+--------+--------+--------+--------+-----+--------+

Top non-repeatable levels by time:
     D:2: 1554 daAuts
     D:1: 1038 daAuts
     D:5: 838 daAuts
     D:7: 789 daAuts
     D:4: 756 daAuts
     D:6: 732 daAuts
     D:3: 650 daAuts
     D:8: 34 daAuts
  Temple: 16 daAuts
